 Dungeon Crawl Stone Soup version 0.31-a0-229-g1fc7ce93e2 (webtiles) character file.

Game seed: 14278803186897254660

49 olmar the Insei (level 3, -1/26 HPs)
             Began as a Merfolk Transmuter on July 6, 2023.
             Slain by Natasha (8 damage)
             ... on level 2 of the Dungeon.
             The game lasted 00:02:52 (1756 turns).

olmar the Insei (Merfolk Transmuter)                Turns: 1756, Time: 00:02:54

Health: -1/26      AC:  3    Str: 10    XL:     3   Next: 75%
Magic:  4/6        EV: 13    Int: 14    God:
Gold:   150        SH:  0    Dex: 14    Spells: 3/6 levels left

rFire   . .          .
                       - Unarmed
rCold   . . .        (no shield)
rNeg    . . .        a - +0 robe
rPois   .            (no helmet)
rElec   .            (no cloak)
rCorr   .            n - +0 pair of gloves
SInv    .            (no boots)
Will    .....        (no amulet)
Stlth   +            (no ring)
HPRegen 0.24/turn    (no ring)
MPRegen 0.10/turn

%: no passive effects
@: no status effects
A: (nimble swimmer 2), mertail
a: no special abilities


You were on level 2 of the Dungeon.
You visited 1 branch of the dungeon, and saw 4 of its levels.

You collected 150 gold pieces.

Inventory:

Missiles
 k - 3 poisoned darts
Armour
 a - a +0 robe (worn)
 n - a +0 pair of gloves (worn)
Scrolls
 d - a scroll of fear {unknown}
 f - 2 scrolls of identify {unknown}
 h - a scroll of enchant weapon
 j - a scroll of brand weapon {unknown}
 l - a scroll of noise {unknown}
 m - a scroll of vulnerability {unknown}
 o - 2 scrolls of revelation {unknown}
 p - 2 scrolls of teleportation
 s - a scroll of amnesia {unknown}
Potions
 b - a potion of lignification
 c - a potion of curing {unknown}
 e - a potion of cancellation
 g - a potion of attraction {unknown}
 i - 2 potions of might {unknown}
 q - a potion of enlightenment {unknown}
 r - 2 potions of heal wounds {unknown}


   Skills:
 + Level 1.3 Fighting
 + Level 3.0 Dodging
 + Level 4.3 Unarmed Combat
 - Level 2.0 Spellcasting
 + Level 3.6 Transmutations


You had 3 spell levels left.
You knew the following spells:

 Your Spells              Type           Power      Damage    Failure   Level
a - Beastly Appendage     Tmut           22%        N/A       5%          1
b - Wereblood             Tmut           11%        N/A       8%          2

Your spell library contained the following spells:

 Spells                   Type           Power      Damage    Failure   Level
 Spider Form              Tmut/Pois      6%         N/A       32%         3
 Ice Form                 Ice/Tmut       6%         N/A       73%         4


Dungeon Overview and Level Annotations

Branches:
Dungeon (4/15)
 Temple: D:4-7

Altars:

Annotations:
D:2 Natasha


Innate Abilities, Weirdness & Mutations

((You are very nimble when in or above water. (Stealth+, EV+, Speed+++)))
Your lower body shifts to a powerful aquatic tail in water.


Message History

You feel yourself slow down.
Casting: Wereblood (safe; 8% risk of failure)
Confirm with . or Enter, or press ? or * to list all spells.
You grow a pair of large bovine horns.
Unknown command.
Casting: Beastly Appendage (safe; 5% risk of failure)
Confirm with . or Enter, or press ? or * to list all spells.
Your blood is infused with primal strength.
Natasha growls.
You closely miss Natasha.
Natasha wildly gestures.
You feel disoriented. Natasha claws you!
You hit Natasha.
Natasha is heavily wounded.
Natasha closely misses you. Natasha barely misses you.
Unknown command.
You miss Natasha.
Natasha is heavily wounded.
Your transformation is almost over.
Natasha misses you.
Unknown command.
You barely miss Natasha.
Natasha is heavily wounded.
Natasha mewls in sadness.
Natasha claws you!
Unknown command.
You hit Natasha but do no damage.
Natasha is heavily wounded.
Natasha claws you.
* * * LOW HITPOINT WARNING * * *
Natasha closely misses you.
Unknown command.
It was a potion of cancellation.
Your magical effects are unravelling.
You feel magically purged.
Your horns disappear.
You feel yourself speed up.
Your primal bloodlust has ended.
Natasha claws you!
You die...

..# ..## ...### ....# #####
(.#.# #...# ♣.#.# #...#
♣h#.# #...# ♣♣@#.#####
#...### ♣♣........# #.....#
♣♣.........# #.....#
♣♣..+....>..# #.....#
♣♣♣♣♣♣..##.......####.....#
........##................'
........#####.............#
..............(........####
.......#...............##


You could see Natasha.

Vanquished Creatures
  2 adders (D:2)
  A worm (D:2)
  4 ball pythons
  4 endoplasms
  3 goblins
  3 hobgoblins (D:2)
  2 quokkas (D:1)
  4 bats
  A frilled lizard (D:2)
  A kobold (D:2)
  3 rats
28 creatures vanquished.

Notes
Turn   | Place    | Note
-------+----------+-------------------------------------------
     0 | D:1      | olmar the Merfolk Transmuter began the quest for the Orb.
     0 | D:1      | Reached XP level 1. HP: 15/15 MP: 3/3
   350 | D:1      | Reached XP level 2. HP: 21/21 MP: 3/5
   911 | D:2      | Reached skill level 4 in Unarmed Combat
   915 | D:2      | Reached XP level 3. HP: 19/26 MP: 4/6
  1055 | D:2      | Learned a level 2 spell: Wereblood
  1591 | D:2      | You fall into a shaft and drop 2 floors!
  1747 | D:2      | Noticed Natasha
  1756 | D:2      | Slain by Natasha

Illustrated notes

Levels and vault maps discovered:
D:1:      grunt_arrival_lava_bath, layout_loops_ring
D:2:      minmay_inner_zag, layout_basic, dilly_ecumenical_altar_fadedgnrine,
          uniq_natasha
D:3:      layout_loops_ring, serial_shops, shop, chequers_mini_garden,
          amethyst_killhole, dreamdust_wishing_well, grunt_ministairs_14,
          minmay_misc_feat_more_columns
D:4:      layout_rooms, uniq_crazy_yiuf_cottage, uniq_blork_the_orc

Skill      XL: |  1  2  3 |
---------------+----------+-----
Transmutations | 3 |  3.6
Unarmed Combat | 4 |  4.3
Dodging        | 3 |  3.0
Fighting       | |  1.3
Spellcasting   | |  2.0

Action                     || total
---------------------------++-------
  Melee: Unarmed           ||    85
         Headbutt          ||    13
         Punch             ||     2
   Cast: Beastly Appendage ||    23
         Wereblood         ||     6
    Use: Scroll            ||     2
         Potion            ||     1
   Stab: Distracted        ||     1
         Sleeping          ||     1
 Armour: Robe              ||    21
  Dodge: Dodged            ||    56

Table legend: (Time is in decaauts)
 A = Elapsed time spent in this place.
 B = Non-inter-level travel time spent in this place.
 C = Inter-level travel time spent in this place.
 D = Time resting spent in this place.
 E = Time spent auto-exploring this place.
 F = Levels seen in this place.
 G = Mean time per level.
                   A        B        C        D        E       F      G
               +--------+--------+--------+--------+--------+-----+--------+
         Total |   1753 |   1727 |     26 |    142 |   1289 |   4 |  438.2 |
       Dungeon |   1753 |   1727 |     26 |    142 |   1289 |   4 |  438.2 |
               +--------+--------+--------+--------+--------+-----+--------+

Top non-repeatable levels by time:
     D:1: 891 daAuts
     D:2: 788 daAuts
     D:4: 40 daAuts
     D:3: 32 daAuts
